 Dungeon Crawl Stone Soup version 0.27.1-34-g3ba077fa99 (webtiles) character file.

Game seed: 5903286509854687301

14110 Hknk the Cleaver (level 11, -4/101 HPs)
             Began as a Minotaur Berserker on Jan 28, 2022.
             Was the Champion of Trog.
             Slain by a komodo dragon (5 damage)
             ... while petrified by a basilisk
             ... on level 3 of the Lair of Beasts on Jan 29, 2022.
             The game lasted 01:03:58 (7614 turns).

Hknk the Cleaver (Minotaur Berserker)               Turns: 7614, Time: 01:03:59

Health: -4/101     AC: 17    Str: 31    XL:     11   Next: 84%
Magic:  10/10      EV:  2    Int:  7    God:    Trog [******]
Gold:   469        SH:  0    Dex: 14    Spells: 10/10 levels left

rFire    . . .     SeeInvis .   O - +0 war axe
rCold    . . .     Faith    .   (no shield)
rNeg     + + +     Spirit   .   z - +5 ring mail of Ufojazie {Int+3 Dex+4}
rPois    ∞         Reflect  .   (helmet restricted)
rElec    .         Harm     .   P - +2 cloak
rCorr    .         Rampage  .   K - +0 pair of gloves
Will     .....                  (no boots)
Stlth    +.........             A - amulet of the acrobat
HPRegen  0.26/turn              C - +4 ring of slaying
MPRegen  0.12/turn              G - +6 ring of strength

@: lethally poisoned (-4 -> -4), petrified
A: horns 2, retaliatory headbutt
a: Renounce Religion, Berserk, Trog's Hand, Brothers in Arms


You were on level 3 of the Lair of Beasts.
You worshipped Trog.
Trog was exalted by your worship.
You visited 3 branches of the dungeon, and saw 12 of its levels.
You also visited: Ossuary.

You collected 469 gold pieces.

Inventory:

Hand Weapons
 a - a +0 hand axe
 b - a +1 long sword of flaming
 n - a +1 short sword of venom
 r - a +2 vorpal spear
 O - a +0 war axe (weapon)
Missiles
 d - 79 arrows
 k - 39 bolts
 B - 48 poisoned darts
 M - a curare-tipped dart
Armour
 z - the +5 ring mail of Ufojazie (worn) {Int+3 Dex+4}
   (You found it on level 4 of the Dungeon)

   Int:       It affects your intelligence (+3).
   Dex:       It affects your dexterity (+4).
 K - a +0 pair of gloves (worn)
 P - a +2 cloak (worn)
Magical Staves
 E - a staff of conjuration
 S - a staff of earth
Jewellery
 A - an amulet of the acrobat (around neck)
 C - a +4 ring of slaying (left hand)
 G - a +6 ring of strength (right hand)
 R - a ring of resist corrosion
Wands
 w - a wand of paralysis (14)
 y - a wand of iceblast (22)
 L - a wand of charming (8)
 N - a wand of flame (40) (quivered)
Scrolls
 c - a scroll of summoning {unknown}
 e - a scroll of magic mapping {unknown}
 h - 2 scrolls of amnesia {unknown}
 j - 9 scrolls of identify {unknown}
 l - 6 scrolls of fear {unknown}
 p - a scroll of blinking {unknown}
 t - 3 scrolls of teleportation {unknown}
 u - 2 scrolls of torment {unknown}
 v - 3 scrolls of fog {unknown}
 x - a scroll of enchant armour {unknown}
 F - 2 scrolls of silence {unknown}
 H - a scroll of brand weapon {unknown}
 J - a scroll of enchant weapon {unknown}
 Q - a scroll of noise {unknown}
Potions
 f - a potion of lignification {unknown}
 g - 2 potions of flight {unknown}
 i - 5 potions of heal wounds {unknown}
 m - a potion of ambrosia {unknown}
 o - 4 potions of degeneration {unknown}
 q - a potion of might {unknown}
 s - 10 potions of curing {unknown}
 D - 2 potions of mutation {unknown}
 I - a potion of magic {unknown}


   Skills:
 + Level 10.9 Fighting
 * Level 14.3 Axes
 + Level 10.6 Armour
 + Level 9.7 Dodging


You had 10 spell levels left.
You didn't know any spells.
Your spell library contained the following spells:

 Spells                   Type           Power      Damage    Failure   Level
 Animate Skeleton         Necr           0%         N/A       52%         1
 Pain                     Necr           0%         1d4       52%         1
 Sting                    Tmut/Pois      0%         1d3       52%         1
 Corpse Rot               Necr/Air       N/A        N/A       67%         2
 Ensorcelled Hibernation  Hex/Ice        0%         N/A       67%         2
 Poisonous Vapours        Pois/Air       0%         N/A       67%         2
 Dazzling Flash           Conj/Hex       0%         N/A       88%         3
 Inner Flame              Hex/Fire       0%         N/A       88%         3
 Portal Projectile        Hex/Tloc       0%         N/A       88%         3
 Spider Form              Tmut/Pois      0%         N/A       88%         3
 Stone Arrow              Conj/Erth      0%         3d7       88%         3
 Vampiric Draining        Necr           0%         2d6       88%         3
 Animate Armour           Summ/Erth      0%         N/A       99%         4
 Cause Fear               Hex            0%         N/A       99%         4
 Iskenderun's Mystic Bla  Conj/Tloc      0%         2d3       99%         4
 Olgreb's Toxic Radiance  Pois           0%         N/A       99%         4
 Blade Hands              Tmut           0%         N/A       100%        5
 Excruciating Wounds      Necr           0%         N/A       100%        5
 Freezing Cloud           Conj/Ice/Air   0%         6-21      100%        5
 Shadow Creatures         Summ           N/A        N/A       100%        6
 Starburst                Conj/Fire      0%         6d3       100%        6
 Discord                  Hex            0%         N/A       100%        8
 Lehudib's Crystal Spear  Conj/Erth      0%         10d2      100%        8


Dungeon Overview and Level Annotations

Branches:
Dungeon (8/15)             Temple (1/1) D:4            Lair (3/6) D:8
 Spider (0/4) Lair:3      Ossuary (visited)
  Swamp: Lair:2-4    Shoals: Lair:2-4

Altars:
Cheibriados
Dithmenos
Elyvilon
Fedhas
Gozag
Hepliaklqana
Kikubaaqudgha
Makhleb
Nemelex Xobeh
Qazlal
Ru
Sif Muna
Uskayaw
Vehumet
Yredelemnul
Zin

Shops:
D:3 ?   D:4 =   D:6 =


Innate Abilities, Weirdness & Mutations

You have a pair of horns on your head.
You reflexively headbutt those who attack you in melee.


Message History

You are slowing down.
The yak gores you!
You slash the yak! You headbutt the yak.
The yak is heavily wounded.
You hit the redback. You barely miss the basilisk.
The redback bites you but does no damage.
The basilisk bites you! The redback bites you! The yak gores you.
Your limbs are stiffening.
You hit the yak but do no damage. Your headbutt misses the yak.
The yak is heavily wounded.
You hit the basilisk. You slash the redback! The redback bites you!
You are lethally poisoned!
The redback poisons you! The basilisk gazes at you.
Your limbs have turned to stone.
The jumping spider leaps!
The yak gores you!
The redback bites you but does no damage.
You have turned to stone.
The jumping spider leaps!
The redback barely misses you. The yak gores you but does no damage.
The redback bites you!
The jumping spider leaps!
The yak gores you but does no damage. The komodo dragon bites you!
The redback bites you but does no damage.
The redback bites you but does no damage.
The yak gores you but does no damage. The komodo dragon bites you!!
* * * LOW HITPOINT WARNING * * *
The redback bites you!
* * * LOW HITPOINT WARNING * * *
The yak barely misses you. The komodo dragon bites you.
* * * LOW HITPOINT WARNING * * *
The redback bites you but does no damage.
The redback bites you!
* * * LOW HITPOINT WARNING * * *
The yak gores you.
* * * LOW HITPOINT WARNING * * *
The komodo dragon bites you!
* * * LOW HITPOINT WARNING * * *
The redback bites you!
* * * LOW HITPOINT WARNING * * *
The yak gores you but does no damage. The komodo dragon bites you!
You die...

#... ..##$..#
..#....# ...#...#
.....# #...#
####..s##
###P#..sY@#
#......ll##
>.°##......s#
....^##......#
#...^.#......#
#^^..##?..#.#
..?.#..^.^#.....##
....# #.^^##.....#
.....# #^^s##...##


You could see a komodo dragon, a yak, a basilisk, a jumping spider and 2
redbacks.

Vanquished Creatures
  2 hydras (Lair:2)
  The ghost of mcbry74 the Impaler, a novice MfGl of Fedhas (D:6)
  An oklob plant (Lair:2)
  An elephant (D:8)
  A black mamba (Lair:2)
  A cane toad (Lair:2)
  A torpor snail (Lair:2)
  A rime drake (Lair:2)
  6 komodo dragons
  A blink frog (Lair:2)
  Sigmund (D:5)
  3 wyverns
  A basilisk (D:8)
  29 yaks
  An acid dragon (D:8)
  5 water moccasins
  An orc warrior (D:6)
  A sky beast (D:7)
  2 black bears
  2 ice beasts
  A centaur (D:5)
  2 necrophages
  2 ogres
  A kobold brigand (D:7)
  9 bullfrogs
  2 wyvern skeletons
  2 water moccasin zombies (Ossuary)
  A howler monkey (D:6)
  8 wights
  An electric eel (Lair:1)
  A centaur zombie (D:6)
  3 hounds
  4 jellies
  An orc priest (D:8)
  2 bullfrog skeletons
  Natasha (twice) (D:3)
  3 iguanas
  3 orc wizards
  A scorpion zombie (D:5)
  A killer bee zombie (D:7)
  A hound skeleton (D:5)
  2 mummies (Ossuary)
  7 adders
  3 gnolls (D:5)
  8 river rats (D:5)
  A shadow imp (D:8)
  5 white imps
  An ufetubus (D:5)
  2 adder skeletons
  8 adder zombies (Ossuary)
  2 worms
  A dart slug (D:4)
  10 orcs
  6 ball pythons
  5 endoplasms
  4 giant cockroaches
  5 goblins
  10 hobgoblins
  4 jackals
  8 quokkas
  8 bats
  A frilled lizard (D:1)
  4 gnoll zombies (Ossuary)
  A goblin zombie (D:7)
  3 hobgoblin zombies (Ossuary)
  12 kobolds
  3 kobold zombies (Ossuary)
  4 orc zombies (Ossuary)
  21 rats
  A rat zombie (D:7)
263 creatures vanquished.

Vanquished Creatures (others)
  11 fungi
  40 plants
51 creatures vanquished.

Grand Total: 314 creatures vanquished

Notes
Turn   | Place    | Note
-------+----------+-------------------------------------------
     0 | D:1      | Hknk the Minotaur Berserker began the quest for the Orb.
     0 | D:1      | Reached XP level 1. HP: 19/19 MP: 0/0
   209 | D:1      | Reached XP level 2. HP: 23/27 MP: 1/1
   270 | D:1      | Reached skill level 4 in Axes
   630 | D:2      | Reached ** piety under Trog
   631 | D:2      | Reached XP level 3. HP: 33/33 MP: 2/2
   741 | D:2      | Found a faded altar of an unknown god.
  1180 | D:3      | Reached XP level 4. HP: 36/40 MP: 3/3
  1187 | D:3      | Found Wuebligh's Magic Scroll Shoppe.
  1307 | D:3      | Found a glowing silver altar of Zin.
  1509 | D:3      | Noticed Natasha
  1541 | D:3      | Killed Natasha
  1590 | D:3      | Reached skill level 5 in Axes
  1598 | D:3      | Noticed Natasha
  1609 | D:3      | Killed Natasha
  1906 | D:4      | Reached *** piety under Trog
  1907 | D:4      | Reached XP level 5. HP: 47/47 MP: 4/4
  1936 | D:4      | Found a shimmering blue altar of Sif Muna.
  2088 | D:4      | Paralysed by a hobgoblin for 5 turns
  2097 | D:4      | Reached XP level 6. HP: 12/55 MP: 5/5
  2114 | D:4      | Found a hide-covered altar of Uskayaw.
  2277 | D:4      | Found a staircase to the Ecumenical Temple.
  2287 | Temple   | Entered the Ecumenical Temple
  2483 | D:4      | Reached skill level 6 in Axes
  2549 | D:4      | Identified the +5 ring mail of Ufojazie {Int+3 Dex+4}
  2578 | D:4      | Found Asits's Jewellery Boutique.
  2617 | D:5      | Entered Level 5 of the Dungeon
  2621 | D:5      | Reached skill level 5 in Fighting
  2832 | D:5      | Noticed an ice beast
  2841 | D:5      | Killed an ice beast
  2842 | D:5      | Reached XP level 7. HP: 61/61 MP: 6/6
  2887 | D:5      | Reached skill level 7 in Axes
  2906 | D:5      | Reached skill level 5 in Armour
  2909 | D:5      | Reached **** piety under Trog
  3153 | D:5      | Found a snail-covered altar of Cheibriados.
  3154 | D:5      | Noticed a yak
  3159 | D:5      | Noticed a yak
  3168 | D:5      | Noticed a yak
  3169 | D:5      | You fall into a shaft and drop 1 floor!
  3181 | D:6      | Found a transporter.
  3196 | D:6      | Found a transporter.
  3249 | D:6      | Found Xolot's Jewellery Shop.
  3285 | D:6      | Reached XP level 8. HP: 49/70 MP: 7/7
  3297 | D:6      | Noticed mcbry74's ghost (novice MfGl)
  3305 | D:6      | Reached skill level 8 in Axes
  3305 | D:6      | Reached skill level 5 in Dodging
  3779 | D:5      | Reached skill level 9 in Axes
  3833 | D:5      | Noticed Sigmund
  3841 | D:5      | Killed Sigmund
  3842 | D:5      | Reached XP level 9. HP: 62/79 MP: 8/8
  3867 | D:5      | Found an opulent altar of Gozag.
  3981 | D:6      | Killed mcbry74's ghost
  3982 | D:6      | Reached skill level 10 in Axes
  4362 | D:7      | Found a sand-covered staircase.
  4375 | Ossuary  | Entered an ossuary
  4428 | Ossuary  | Reached ***** piety under Trog
  4563 | D:7      | Reached skill level 11 in Axes
  4831 | D:8      | Reached XP level 10. HP: 85/90 MP: 9/9
  4986 | D:8      | Found a staircase to the Lair.
  4988 | D:8      | Noticed an elephant
  5013 | D:8      | Killed an elephant
  5611 | D:8      | Found a burning altar of Makhleb.
  5893 | Lair:1   | Entered Level 1 of the Lair of Beasts
  5915 | Lair:1   | Reached skill level 12 in Axes
  6626 | Lair:2   | Noticed a black mamba
  6630 | Lair:2   | Killed a black mamba
  6631 | Lair:2   | Reached XP level 11. HP: 44/99 MP: 10/10
  6658 | Lair:2   | Reached skill level 13 in Axes
  6725 | Lair:2   | Reached skill level 10 in Fighting
  6831 | Lair:2   | Noticed an eight-headed hydra
  6836 | Lair:2   | Noticed a five-headed hydra
  6837 | Lair:2   | Killed a ten-headed hydra
  6838 | Lair:2   | Reached skill level 10 in Armour
  6859 | Lair:2   | Killed an eight-headed hydra
  7429 | Lair:2   | Reached skill level 14 in Axes
  7432 | Lair:2   | Found a basalt altar of Yredelemnul.
  7432 | Lair:2   | Noticed an oklob plant
  7459 | Lair:2   | Reached ****** piety under Trog
  7493 | Lair:2   | Killed an oklob plant
  7584 | Lair:3   | Found a hole to the Spider Nest.
  7613 | Lair:3   | HP: 5/101 [komodo dragon (8)]
  7614 | Lair:3   | HP: 1/101 [redback (4)]
  7614 | Lair:3   | Slain by a komodo dragon

Illustrated notes

Levels and vault maps discovered:
D:1:      scummos_arrival_forest, layout_loops_ring, serial_forest,
          infiniplex_forest_3_way, infiniplex_forest_lined_3,
          infiniplex_forest_straight_2, infiniplex_forest_clump_curved,
          infiniplex_forest_straight_4, infiniplex_forest_lined_2,
          infiniplex_forest_end_double
D:2:      layout_basic, basic_ecumenical_altar
D:3:      layout_loops_ring, trog_butcher_becter, zin_statuary, serial_shops,
          shop, minivault_5, uniq_natasha
D:4:      layout_basic, kennysheep_orc_sif_temple,
          minmay_temple_entry_overgrown, serial_shops, shop,
          minmay_ruined_shrine
D:5:      lemuel_ratsnest, layout_basic, grunt_gozag_breadcrumbs,
          mainiacjoe_overflow_concentric_impassable, minivault_25,
          eino_tiny_chamber, uniq_sigmund
D:6:      layout_rooms, gammafunk_ghost_arena, serial_shops, shop
D:7:      layout_basic, enter_ossuary_4, minmay_misc_feat_iff,
          mrwooster_statue_mirror
D:8:      layout_basic, mainiacjoe_overflow_alcove_1, david_lair_generic,
          kennysheep_flooded_box, fountainhead, kennysheep_generic_room_16
Temple:   zaba_magenta_temple
Lair:1:   layout_small_grid, columned_hall_lemuel, minmay_stone_trees_medium,
          chequers_serial_rivers_micro_e, chequers_serial_rivers_micro_b,
          minmay_lair_oklob_items, serial_bayou_ford_a, minivault_24,
          infiniplex_staircase_pool, serial_bayou_shore_a
Lair:2:   layout_loops_ring, serial_bayou_pond_b, lemuel_oklob_altar,
          lemuel_fruit_tree
Lair:3:   regret_index_tunnel_blossom, layout_regular_city, swamp_mist_pool,
          spider_nest_entry_funnel_web, chequers_serial_rivers_room_a

Skill      XL: |  1  2  3  4  5  6  7  8  9 10 11 |
---------------+----------------------------------+-----
Axes           | 4 5 6 7 9 11 12 14 | 14.3
Fighting       | 4 5 6 7 8 9 10 | 10.9
Armour         | 3 4 5 6 8 9 10 | 10.6
Dodging        | 3 4 6 7 8 9 |  9.7

Action                   |  1- 3 |  4- 6 |  7- 9 | 10-12 || total
-------------------------+-------+-------+-------+-------++-------
Melee: Hand axe          |    98 |   102 |   276 |    38 ||   514
       Headbutt          |     8 |    22 |    74 |   100 ||   204
       Unarmed           |       |     6 |       |       ||     6
       War axe           |       |       |       |   183 ||   183
Evoke: Wand              |       |       |       |     4 ||     4
Armor: Animal skin       |    10 |       |       |       ||    10
       Leather armour    |     6 |       |       |       ||     6
       Scale mail        |     1 |    33 |       |       ||    34
       Ring mail         |       |    12 |    66 |    72 ||   150
Dodge: Dodged            |    56 |    59 |   177 |   137 ||   429
